 Dungeon Crawl Stone Soup version 0.18-a0-1267-gff090c1 (webtiles) character file.

4630 Lathuz the Cleaver (level 10, -2/93 HPs)
             Began as a Minotaur Berserker on Feb 6, 2016.
             Was a High Priest of Trog.
             Slain by a komodo dragon (7 damage)
             ... on level 8 of the Dungeon.
             The game lasted 00:18:07 (7746 turns).

Lathuz the Cleaver (Minotaur Berserker)             Turns: 7746, Time: 00:18:07

Health: -2/93      AC: 18    Str: 21    XL:     10   Next: 19%
Magic:  0/3        EV:  9    Int:  4    God:    Trog [*****.]
Gold:   318        SH:  0    Dex: 14    Spells: 0 memorised, 9 levels left

rFire  . . .     SeeInvis .     M - +4 executioner's axe (antimagic)
rCold  . . .     Gourm    .     A - +0 plate armour
rNeg   . . .     Faith    .     (shield currently unavailable)
rPois  +         Spirit   +     (helmet restricted)
rElec  .         Dismiss  .     t - +0 cloak
rCorr  .         Reflect  .     (no gloves)
SustAt .         Harm     .     o - +1 pair of boots
MR     .....                    b - amulet of guardian spirit
Stlth  ..........               F - +2 ring of evasion
                                p - ring of poison resistance

@: not resistant to hostile enchantments, extremely unstealthy
A: retaliatory headbutt, horns 2
a: Berserk, Trog's Hand, Brothers in Arms, Burn Spellbooks, Renounce Religion


You were on level 8 of the Dungeon.
You worshipped Trog.
Trog was extremely pleased with you.
You were not hungry.

You visited 1 branch of the dungeon, and saw 8 of its levels.

You collected 635 gold pieces.
You spent 317 gold pieces at shops.

Inventory:

Hand Weapons
 M - a +4 antimagic executioner's axe (weapon)
Missiles
 h - 338 stones (quivered)
Armour
 o - a +1 pair of boots (worn)
 t - a +0 cloak (worn)
 y - a +0 chain mail
 A - a +0 plate armour (worn)
Rods
 L - a +0 rod of clouds (9/9)
   (You found it on level 6 of the Dungeon)
Jewellery
 b - an amulet of guardian spirit (around neck)
 p - a ring of poison resistance (left hand)
 w - an uncursed ring of magical power
 F - a +2 ring of evasion (right hand)
 H - a +3 ring of dexterity
Wands
 a - a wand of acid (9/15)
 E - a wand of heal wounds (5/9)
 T - a wand of paralysis (10/24)
 U - a wand of random effects (25/48)
Scrolls
 d - 2 scrolls of magic mapping
 e - 4 scrolls of blinking
 i - 9 scrolls of identify
 j - 2 scrolls of amnesia {unknown}
 l - 3 scrolls of enchant weapon
 q - 7 scrolls of remove curse
 u - 6 scrolls of teleportation
 z - 2 scrolls of immolation {unknown}
 C - a scroll of random uselessness {unknown}
 J - 2 scrolls of fog {unknown}
 P - a scroll of enchant armour
 Q - a scroll of recharging {unknown}
 S - a scroll of fear
Potions
 f - a potion of magic {unknown}
 g - a potion of haste
 k - 5 potions of agility
 m - a potion of degeneration {unknown}
 r - a potion of flight {unknown}
 s - a potion of invisibility {unknown}
 v - 3 potions of curing {unknown}
 x - a potion of might {unknown}
 B - 2 potions of lignification {unknown}
 K - 2 potions of mutation {unknown}
Books
 N - a book of Changes

   Spells                             Type                      Level
   a - Beastly Appendage              Transmutation                1
   b - Sticks to Snakes               Transmutation                2
   c - Spider Form                    Transmutation/Poison         3
   d - Ice Form                       Ice/Transmutation            4
   e - Blade Hands                    Transmutation                5
   Trog disapproves of the use of such an item.
 O - a book of Spatial Translocations

   Spells                             Type                      Level
   a - Apportation                    Translocation                1
   b - Blink                          Translocation                2
   c - Shroud of Golubria             Charms/Translocation         2
   d - Portal Projectile              Translocation                3
   e - Teleport Other                 Translocation                3
   f - Passage of Golubria            Translocation                4
   Trog disapproves of the use of such an item.
Comestibles
 c - 11 bread rations
 n - 8 slices of pizza
 D - 4 meat rations
 G - a royal jelly
 I - 4 beef jerkies
 R - 4 chunks of flesh


   Skills:
 + Level 10.3 Fighting
 * Level 11.6 Axes
 + Level 10.2 Armour
 - Level 2.1 Dodging


You had 9 spell levels left.
You didn't know any spells.

Dungeon Overview and Level Annotations

Branches:
Dungeon (8/15)             Temple (0/1) D:4
   Lair: D:8-11

Altars:
Ashenzari
Dithmenos
Fedhas
Kikubaaqudgha
Pakellas
Sif Muna

Shops:
D:8 %?%


Innate Abilities, Weirdness & Mutations

You reflexively headbutt those who attack you in melee.
You have a pair of horns on your head.


Message History

The komodo dragon barely misses you. The komodo dragon bites you!!
You hit the komodo dragon. Your headbutt misses the komodo dragon.
The komodo dragon is severely wounded.
The komodo dragon bites you but does no damage.
You hit the komodo dragon but do no damage.
You headbutt the komodo dragon, but do no damage.
The komodo dragon is severely wounded.
The komodo dragon bites you!! The komodo dragon barely misses you.
You completely miss the komodo dragon. You headbutt the komodo dragon.
The komodo dragon is almost dead.
The komodo dragon bites you!!
* * * LOW HITPOINT WARNING * * *
You closely miss the komodo dragon.
The komodo dragon is almost dead.
The komodo dragon bites you!
* * * LOW HITPOINT WARNING * * *
Your plate armour prevents you from hitting the komodo dragon.
The komodo dragon is almost dead.
The komodo dragon bites you!
You die...

. #..## ##########
#...###........#
#l@.#######.#
####.# #.# ## #.#
#.# #.# ###########
### #####.#
..#.......# ####.#
#..##.# ..<.......#
#....# #..#..#
........######.####
#....##


You could see a komodo dragon.

Vanquished Creatures
  Prince Ribbit (D:8)
  3 yaks (D:6)
  A human (D:7)
  2 ice beasts
  2 sky beasts
  2 orc warriors
  4 ogres
  6 centaurs
  A gnoll sergeant (D:8)
  5 giant frogs
  A wyvern skeleton (D:7)
  3 scorpions
  3 killer bees (D:8)
  5 wights (D:6)
  5 crimson imps
  2 giant frog zombies (D:7)
  An orc priest (D:7)
  2 centaur skeletons
  2 hounds
  A jelly (D:8)
  Crazy Yiuf (D:2)
  2 giant frog skeletons (D:8)
  3 gnoll shamans
  4 orc wizards
  An iguana (D:6)
  6 worker ants
  4 sheep (D:7)
  45 gnolls
  8 adders
  2 shadow imps
  2 worms
  7 giant geckos
  23 orcs
  5 bats
  6 giant cockroaches
  8 goblins
  7 hobgoblins
  21 jackals
  5 quokkas
  2 ball pythons
  5 giant newts
  6 kobolds
  4 rats
  A plant (D:5)
230 creatures vanquished.

Notes
Turn   | Place    | Note
--------------------------------------------------------------
     0 | D:1      | Lathuz the Minotaur Berserker began the quest for the Orb.
     0 | D:1      | Reached XP level 1. HP: 19/19 MP: 0/0
    55 | D:1      | Reached skill level 4 in Axes
   159 | D:1      | Reached XP level 2. HP: 24/26 MP: 1/1
   784 | D:2      | Reached skill level 5 in Axes
   829 | D:2      | Reached XP level 3. HP: 29/31 MP: 2/2
   905 | D:2      | Found a shadowy altar of Dithmenos.
   905 | D:2      | Found a shattered altar of Ashenzari.
   906 | D:2      | Found a deep blue altar of Sif Muna.
   996 | D:2      | Found an oddly glowing altar of Pakellas.
  1016 | D:2      | Noticed Crazy Yiuf
  1021 | D:2      | Killed Crazy Yiuf
  1021 | D:2      | Reached ** piety under Trog
  1021 | D:2      | Reached XP level 4. HP: 39/39 MP: 3/3
  1110 | D:2      | Reached skill level 6 in Axes
  1776 | D:3      | Found a blossoming altar of Fedhas.
  1827 | D:3      | Reached XP level 5. HP: 45/45 MP: 4/4
  2000 | D:3      | Reached skill level 7 in Axes
  2243 | D:4      | Reached *** piety under Trog
  2322 | D:4      | Reached skill level 8 in Axes
  2354 | D:4      | Found a staircase to the Ecumenical Temple.
  2564 | D:4      | Reached XP level 6. HP: 48/51 MP: 5/5
  2869 | D:5      | Entered Level 5 of the Dungeon
  2869 | D:5      | Noticed a sky beast
  2881 | D:5      | Killed a sky beast
  2931 | D:5      | Reached skill level 9 in Axes
  3130 | D:5      | Noticed an ice beast
  3136 | D:5      | Killed an ice beast
  3136 | D:5      | Reached XP level 7. HP: 57/57 MP: 4/6
  3138 | D:5      | Reached skill level 10 in Axes
  3332 | D:5      | HP: 1/59 [ogre/giant club (7)]
  3760 | D:5      | Reached skill level 5 in Fighting
  3911 | D:5      | Reached XP level 8. HP: 64/69 MP: 7/7
  3929 | D:5      | Reached skill level 5 in Armour
  4062 | D:5      | Reached **** piety under Trog
  4111 | D:5      | Found an ancient bone altar of Kikubaaqudgha.
  4858 | D:5      | Reached ***** piety under Trog
  5288 | D:6      | Reached XP level 9. HP: 81/81 MP: 8/8
  5466 | D:6      | Received a gift from Trog
  6491 | D:7      | Reached skill level 10 in Fighting
  6515 | D:7      | Reached skill level 11 in Axes
  7097 | D:7      | Reached skill level 10 in Armour
  7256 | D:8      | Reached XP level 10. HP: 93/93 MP: 3/9
  7336 | D:8      | Found Ownar's Food Shoppe.
  7337 | D:8      | Noticed Prince Ribbit
  7356 | D:8      | Found Gotyotah's Magic Scroll Boutique.
  7358 | D:8      | Killed Prince Ribbit
  7374 | D:8      | Bought a scroll of enchant weapon for 97 gold pieces
  7374 | D:8      | Bought a scroll of blinking for 97 gold pieces
  7374 | D:8      | Bought a scroll of fear for 45 gold pieces
  7374 | D:8      | Bought 3 scrolls of identify for 78 gold pieces
  7552 | D:8      | Found Wuokupef's Food Emporium.
  7746 | D:8      | Slain by a komodo dragon

Vault maps used:
D:1:      dpeg_arrival_boxes_within_box, st_stairs_4
D:2:      nicolae_overflow_quartered_altars, minmay_ruptured,
          uniq_crazy_yiuf_cottage
D:3:      fedhas_altar_3
D:4:      temple_statues, due_unseen_surprise
D:5:      lemuel_castle_with_subvaults, kiku_gazebo_pond_becter, first_bread
D:7:      grunt_livestock
D:8:      wad_crossroads, erik_lair_dragon, serial_shops, shop, shop, shop,
          uniq_prince_ribbit1

Action                   |  1- 3 |  4- 6 |  7- 9 | 10-12 || total
-------------------------+-------+-------+-------+-------++-------
Melee: Hand axe          |    71 |   141 |   316 |       ||   528
       Executioner's axe |       |       |    60 |    46 ||   106
Invok: Berserk           |     1 |     3 |     5 |     1 ||    10
       Trog's Hand       |       |       |     2 |       ||     2
  Use: Scroll            |       |     5 |     3 |       ||     8
       Potion            |       |       |     1 |       ||     1
  Eat: Chunk             |       |    10 |    19 |     4 ||    33
